 Dungeon Crawl Stone Soup version 0.25-a0-403-g49d089a (webtiles) character file.

Game seed: 5304873917327848866, levelgen mode: deterministic

10262 Birdy the Unseen (level 11, -4/64 HPs)
             Began as a Halfling Assassin on Jan 9, 2020.
             Was an Elder of Wu Jian.
             Killed from afar by Maggie (11 damage)
             ... with a bolt of fire
             ... on level 10 of the Dungeon.
             The game lasted 00:33:02 (12738 turns).

Birdy the Unseen (Halfling Assassin)               Turns: 12738, Time: 00:33:02

Health: -4/64      AC: 13    Str: 12    XL:     11   Next: 89%
Magic:  11/11      EV: 18    Int:  4    God:    Wu Jian [****..]
Gold:   614        SH:  0    Dex: 25    Spells: 10/10 levels left

rFire    . . .     SeeInvis .   a - +3 dagger
rCold    . . .     Gourm    .   (shield restricted)
rNeg     . . .     Faith    .   x - +0 acid dragon scales
rPois    +         Spirit   .   l - +2 helmet
rElec    .         Reflect  .   o - +2 cloak
rCorr    +         Harm     .   w - +0 pair of gloves
MR       .....                  r - +2 pair of boots
Stlth    +++++++...             (no amulet)
HPRegen  0.20/turn              h - ring of Vifowawk {+Blink +Fly Int-5 Dex+5 Slay+5}
MPRegen  0.12/turn              j - ring of poison resistance

@: corroded, mesmerised, heavily drained
A: small, mutation resistance 1
a: Wall Jump, Serpent's Lash, Renounce Religion, Evoke Blink, Evoke Flight


You were on level 10 of the Dungeon.
You worshipped Wu Jian.
Wu Jian was greatly pleased with you.
You were not hungry.

You visited 3 branches of the dungeon, and saw 12 of its levels.

You collected 614 gold pieces.

Inventory:

Hand Weapons
 a - a +3 dagger (weapon)
 i - the +0 flail "Xoczeom" {protect, rElec rC+}
   (You found it on level 9 of the Dungeon)

   It grants its wielder temporary protection when it strikes (+7 to AC).
   It protects you from cold.
   It insulates you from electricity.
Missiles
 d - 8 poisoned darts (quivered)
 z - 2 datura-tipped darts
Armour
 l - a +2 helmet (worn)
 o - a +2 cloak (worn)
 p - a scarf of repulsion
 r - a +2 pair of boots (worn)
 w - a +0 pair of gloves (worn)
 x - +0 acid dragon scales (worn)
 B - a scarf of spirit shield
Jewellery
 b - an uncursed amulet of the gourmand
 h - the ring of Vifowawk (left hand) {+Blink +Fly Int-5 Dex+5 Slay+5}
   (You found it on level 6 of the Dungeon)

   [ring of flight]

   It affects your intelligence (-5).
   It affects your dexterity (+5).
   It affects your accuracy and damage with ranged weapons and melee attacks
   (+5).
   It lets you fly.
   It lets you blink.
 j - a ring of poison resistance (right hand)
 k - an uncursed ring of resist corrosion
Wands
 u - a wand of disintegration (3)
Scrolls
 g - 7 scrolls of remove curse
 m - 3 scrolls of teleportation
 s - a scroll of amnesia
 v - 2 scrolls of enchant weapon
 y - a scroll of blinking
 A - 2 scrolls of identify
Potions
 c - 3 potions of curing
Comestibles
 f - 19 rations


   Skills:
 - Level 2.0(0.8) Fighting
 - Level 5.0(3.8) Short Blades
 - Level 2.0(0.8) Throwing
 - Level 4.0(2.8) Armour
 * Level 6.0(4.7) Dodging
 + Level 18.1(16.4) Stealth


You had 10 spell levels left.
You didn't know any spells.
Your spell library contained the following spells:

 Spells                   Type           Power        Failure   Level  Hunger
 Sandblast                Erth           #.....       63%         1    ##.....
 Passwall                 Tmut/Erth      #.......     77%         2    ###....
 Stone Arrow              Conj/Erth      #.....       94%         3    ####...
 Petrify                  Tmut/Erth      #.......     100%        4    #####..
 Lee's Rapid Deconstruct  Erth           #.........   100%        5    ######.


Dungeon Overview and Level Annotations

Branches:
Dungeon (10/15)            Temple (1/1) D:6            Lair (1/6) D:8
    Orc (0/2) D:9

Altars:
Ashenzari
Cheibriados
Dithmenos
Elyvilon
Fedhas
Gozag
Hepliaklqana
Kikubaaqudgha
Makhleb
Nemelex Xobeh
Okawaru
Qazlal
Ru
Sif Muna
Trog
Uskayaw
Vehumet
Wu Jian
Xom
Yredelemnul
Zin
The Shining One

Shops:
D:10 }

Annotations:
D:10 Maggie


Innate Abilities, Weirdness & Mutations

You are small and have problems with some larger weapons.
You are somewhat resistant to further mutation.


Message History

Maggie casts a spell at you. The bolt of fire hits you!
* * * LOW HITPOINT WARNING * * *
The orc hits you but does no damage.
Evoke which item? (* to show all) (? for menu, Esc to quit)
Aiming: Disintegrate
Press: ? - help, Shift-Dir - straight line, f/p - Maggie
Aim: Maggie, wielding a +1 war axe of draining, wearing +0 steam dragon scales and carrying a wand of acid (6) (almost dead, mesmerising, chance to defeat MR: 65%) Maggie struggles to resist.
Maggie gestures wildly while chanting.
Maggie draws you further into her thrall.
The orc closely misses you.
Evoke which item? (* to show all) (? for menu, Esc to quit)
Aiming: Disintegrate
Press: ? - help, Shift-Dir - straight line, f/p - Maggie
Aim: Maggie, wielding a +1 war axe of draining, wearing +0 steam dragon scales and carrying a wand of acid (6) (almost dead, mesmerising, chance to defeat MR: 65%) Maggie struggles to resist.
Maggie points at you and mumbles some strange words.
The bolt of fire hits you!
You die...

#...##..#..# #..#
#...##..#..# #..#
#...##).#..# #..#
#...##.)#..# #..#
#...##..#..# #..#
#)..##.....# #..#
#.!.##.....# #..##
#o).##..#..# #....
#@@.##..#..# #....
#...##..#..# #.... #
#...##..#..###....
#.###...##..#.........
#...........#...##....
#...........#...##....
######......#...##....
#.###..#...##.... #.#
#..#...##....


You could see Maggie and an orc.

Vanquished Creatures
  A two-headed ogre (D:8)
  A spiny frog (Lair:1)
  2 hippogriffs
  A slime creature (D:10)
  Sigmund (D:4)
  7 yaks
  3 hogs (D:7)
  A human (D:7)
  A basilisk (Lair:1)
  A hungry ghost (D:8)
  An acid dragon (D:10)
  A warg (D:9)
  A water moccasin (Lair:1)
  6 ice beasts
  3 orc warriors
  4 black bears
  2 sky beasts (D:10)
  A necrophage (D:5)
  4 ogres
  4 phantoms
  5 centaurs
  5 wolves (Lair:1)
  2 crocodiles (Lair:1)
  4 big kobolds
  7 bullfrogs
  A gnoll sergeant (D:7)
  2 scorpions
  6 killer bees (D:9)
  10 crimson imps
  4 howler monkeys
  2 bullfrog zombies
  A quasit (D:10)
  8 hounds
  5 jellies
  11 orc wizards
  5 orc priests
  A gnoll shaman (D:8)
  2 centaur skeletons
  3 iguanas
  Jessica (D:3)
  3 bullfrog skeletons
  5 worker ants
  A killer bee zombie (D:9)
  A hound skeleton (D:7)
  11 gnolls
  A howler monkey skeleton (D:5)
  15 adders
  4 shadow imps
  4 worms
  5 leopard geckos
  24 orcs
  A ball python (D:1)
  7 giant cockroaches
  12 goblins
  10 hobgoblins
  12 jackals
  20 kobolds
  3 quokkas
  13 bats
  5 frilled lizards
  2 leopard gecko skeletons
  A leopard gecko zombie (D:7)
  A quokka skeleton (D:9)
  A quokka zombie (D:9)
  12 rats
305 creatures vanquished.

Vanquished Creatures (others)
  A fungus (Lair:1)
  A plant (Lair:1)
2 creatures vanquished.

Grand Total: 307 creatures vanquished

Notes
Turn   | Place    | Note
-------+----------+-------------------------------------------
     0 | D:1      | Birdy the Halfling Assassin began the quest for the Orb.
     0 | D:1      | Reached XP level 1. HP: 14/14 MP: 1/1
    56 | D:1      | Reached XP level 2. HP: 19/19 MP: 2/2
   148 | D:1      | Found a shattered altar of Ashenzari.
   412 | D:1      | Reached skill level 1 in Armour
   473 | D:1      | Reached XP level 3. HP: 24/24 MP: 3/3
   764 | D:2      | Reached XP level 4. HP: 29/29 MP: 4/4
   835 | D:2      | Reached skill level 5 in Stealth
   959 | D:2      | Reached XP level 5. HP: 30/34 MP: 5/5
  1240 | D:3      | Noticed Jessica
  1799 | D:3      | Killed Jessica
  1799 | D:3      | Reached XP level 6. HP: 21/39 MP: 6/6
  2708 | D:4      | Reached skill level 6 in Stealth
  2769 | D:4      | Reached skill level 5 in Short Blades
  2769 | D:4      | Reached XP level 7. HP: 32/45 MP: 7/7
  2793 | D:4      | Got a brightly glowing scale mail
  2817 | D:4      | Identified the +6 scale mail of Autumn {rElec rF- rC++
                  | Str-5} (You found it on level 4 of the Dungeon)
  3056 | D:4      | Reached skill level 7 in Stealth
  3270 | D:4      | Noticed Sigmund
  3277 | D:4      | Killed Sigmund
  3277 | D:4      | Reached skill level 8 in Stealth
  3297 | D:4      | You fall into a shaft and drop 3 floors!
  3460 | D:8      | Reached XP level 8. HP: 7/50 MP: 8/8
  3792 | D:7      | Reached skill level 9 in Stealth
  3833 | D:5      | Entered Level 5 of the Dungeon
  4309 | D:5      | Reached skill level 10 in Stealth
  4630 | D:5      | Found a radiant altar of Vehumet.
  4706 | D:5      | Reached skill level 11 in Stealth
  5021 | D:5      | Reached XP level 9. HP: 48/54 MP: 9/9
  5728 | D:6      | Found a staircase to the Ecumenical Temple.
  5733 | Temple   | Entered the Ecumenical Temple
  5785 | Temple   | Became a worshipper of the Wu Jian Council
  5905 | D:6      | Got a warped pewter ring
  5990 | D:7      | Reached skill level 12 in Stealth
  6243 | D:7      | Found a shimmering blue altar of Sif Muna.
  6869 | D:7      | Reached skill level 13 in Stealth
  7074 | D:7      | Reached skill level 14 in Stealth
  7074 | D:7      | Reached XP level 10. HP: 27/60 MP: 10/10
  7692 | D:8      | Found a faded altar of an unknown god.
  7692 | D:8      | Found a shimmering altar of Xom.
  7861 | D:8      | Found a stormy altar of Qazlal.
  7863 | D:8      | Found a hide-covered altar of Uskayaw.
  7865 | D:8      | Found a sparkling altar of Nemelex Xobeh.
  7903 | D:8      | Noticed a two-headed ogre
  8182 | D:8      | Reached * piety under Wu Jian
  8221 | D:8      | Identified the ring of Vifowawk {+Blink +Fly Int-5 Dex+5
                  | Slay+5} (You found it on level 6 of the Dungeon)
  8244 | D:8      | Reached skill level 15 in Stealth
  8478 | D:8      | Found a staircase to the Lair.
  8696 | D:8      | Killed a two-headed ogre
  8696 | D:8      | Reached skill level 16 in Stealth
  8824 | Lair:1   | Entered Level 1 of the Lair of Beasts
  8842 | Lair:1   | Reached ** piety under Wu Jian
  8866 | Lair:1   | Noticed a spiny frog
  8890 | Lair:1   | Killed a spiny frog
  8981 | Lair:1   | Reached XP level 11. HP: 47/64 MP: 11/11
  9358 | Lair:1   | Reached skill level 17 in Stealth
  9795 | D:9      | Got a faintly glowing flail
  9796 | D:9      | Identified the +0 flail "Xoczeom" {protect, rElec rC+} (You
                  | found it on level 9 of the Dungeon)
  9998 | D:9      | Found a white marble altar of Elyvilon.
 10281 | D:9      | Found a staircase to the Orcish Mines.
 10699 | D:9      | Reached *** piety under Wu Jian
 11604 | D:10     | Entered Level 10 of the Dungeon
 12037 | D:10     | Reached skill level 18 in Stealth
 12098 | D:10     | Reached skill level 5 in Dodging
 12405 | D:10     | Reached **** piety under Wu Jian
 12537 | D:10     | Found a bloodstained altar of Trog.
 12660 | D:10     | Found Tetot's Gadget Shoppe.
 12700 | D:10     | Noticed Maggie
 12738 | D:10     | Killed from afar by Maggie

Levels and vault maps discovered:
D:1:      dpeg_arrival_arbitrary_a, layout_basic, evilmike_ruin_ashenzari
D:2:      minmay_diamond_boxcup, layout_rooms
D:3:      layout_loops_cross, uniq_jessica
D:4:      layout_loops_ring, first_ration, uniq_sigmund
D:5:      layout_basic, fiery_altar_vehumet
D:6:      layout_basic, minmay_temple_entry_statues_pillars, nrook_campfire
D:7:      layout_loops_corners, grunt_livestock, led_sif_book
D:8:      layout_loops_ring, chequers_temple_overflow_minitemple,
          lair_entry_dummy
D:9:      minmay_evil_eye, layout_irregular_city, elyvilon_altar_3, david_orc_3
D:10:     layout_long_grid, basic_altar, serial_shops, kennysheep_little_box,
          minmay_bent, uniq_maggie
Temple:   compressed_dpeg_circular_temple
Lair:1:   layout_regular_city, chequers_serial_rivers_marsh, st_stairs_7

Skill      XL: |  1  2  3  4  5  6  7  8  9 10 11 |
---------------+----------------------------------+-----
Fighting       | 2 |  2.0
Armour         | 1 2 3 4 |  4.0
Short Blades   | 3 4 5 |  5.0
Dodging        | 2 6 |  6.0
Stealth        | 5 6 8 11 14 16 18 | 18.1
Throwing       | |  2.0

Action                   |  1- 3 |  4- 6 |  7- 9 | 10-12 || total
-------------------------+-------+-------+-------+-------++-------
Melee: Dagger            |    73 |   201 |   373 |   616 ||  1263
Throw: Dart              |       |     7 |    20 |    40 ||    67
Invok: Lunge             |       |       |     6 |    54 ||    60
       Whirlwind         |       |       |       |   108 ||   108
 Abil: Wall Jump         |       |       |       |     4 ||     4
Evoke: Wand              |       |     1 |    12 |    25 ||    38
  Use: Scroll            |     6 |     2 |     5 |    10 ||    23
       Potion            |     2 |     2 |     4 |     7 ||    15
 Stab: Sleeping          |    10 |    17 |    18 |    40 ||    85
       Distracted        |       |     1 |     1 |     6 ||     8
  Eat: Chunk             |       |     6 |    10 |    15 ||    31
       Ration            |       |       |     1 |     1 ||     2
Armor: Robe              |    19 |    25 |    15 |       ||    59
       Leather armour    |       |       |    38 |   111 ||   149
       Acid dragon scale |       |       |       |    32 ||    32
       Skin              |       |       |       |    30 ||    30
Dodge: Dodged            |    64 |   116 |   203 |   382 ||   765

Table legend:
 A = Non-vault XP
 B = Vault XP
 C = Vault XP percentage of total XP
 D = Non-vault monster count
 E = Vault monster count
 F = Vault count percentage of total count
                 A         B        C        D         E       F
            +---------+---------+-------+---------+---------+-------
      Total |   11929 |    2732 |  18.6 |     271 |      34 |  11.1
            +---------+---------+-------+---------+---------+-------
        D:1 |      46 |       0 |   0.0 |      29 |       0 |   0.0
        D:2 |      93 |      39 |  29.5 |      22 |       6 |  21.4
        D:3 |     149 |      37 |  19.9 |      31 |       1 |   3.1
        D:4 |     402 |     212 |  34.5 |      14 |       1 |   6.7
        D:5 |     741 |       0 |   0.0 |      19 |       0 |   0.0
        D:6 |     273 |       0 |   0.0 |       9 |       0 |   0.0
        D:7 |    1203 |    1076 |  47.2 |      24 |       7 |  22.6
        D:8 |    2445 |       0 |   0.0 |      34 |       0 |   0.0
        D:9 |    2150 |     406 |  15.9 |      42 |       9 |  17.6
       D:10 |    2691 |     773 |  22.3 |      35 |       8 |  18.6
     Lair:1 |    1736 |     189 |   9.8 |      12 |       2 |  14.3
            +---------+---------+-------+---------+---------+-------
